 Dungeon Crawl Stone Soup version 0.17.1-3-g152610e (webtiles) character file.

39 Freud the Cutter (level 3, 0/19 HPs)
             Began as a Vine Stalker Fighter on Apr 1, 2016.
             Slain by a gnoll
             ... wielding a +0 spear
              (2 damage)
             ... on level 2 of the Dungeon.
             The game lasted 00:08:18 (743 turns).

Freud the Cutter (Vine Stalker Fighter)              Turns: 743, Time: 00:08:19

Health: 0/19       AC:  6    Str: 19    XL:     3   Next: 47%
Magic:  0/4        EV:  9    Int:  8    God:
Gold:   67         SH:  0    Dex: 13    Spells: 0 memorised, 2 levels left

rFire  . . .     SeeInvis .     a - +0 rapier
rCold  . . .     Clarity  .     b - +0 scale mail
rNeg   . . .     SustAt   .     (no shield)
rPois  .         Gourm    .     (no helmet)
rElec  .         Spirit   +     (no cloak)
rCorr  .         Warding  .     (no gloves)
rMut   .         Stasis   .     (no boots)
MR     .....                    (no amulet)
Stlth  ..........               (no ring)
                                (no ring)

@: not resistant to hostile enchantments, extremely unstealthy
A: fangs 2, regeneration 1, magic shield, antimagic bite, no device heal 3, rot
immunity
a: no special abilities


You were on level 2 of the Dungeon.
You were not hungry.

You visited 1 branch of the dungeon, and saw 2 of its levels.

You collected 67 gold pieces.

Inventory:

Hand Weapons
 a - a +0 rapier (weapon)
Armour
 b - a +0 scale mail (worn)
 c - a +0 shield
Scrolls
 g - 2 scrolls of enchant armour {unknown}
 h - a scroll of random uselessness {unknown}
 i - a scroll of immolation {unknown}
 j - 2 scrolls of identify {unknown}
 l - a scroll of fear {unknown}
Potions
 d - a potion of might
 k - 2 potions of curing {unknown}
Comestibles
 e - 2 bread rations
 f - 3 fruits
 m - a meat ration


   Skills:
 - Level 2.6 Fighting
 + Level 3.3 Short Blades
 - Level 2.4 Armour
 - Level 2.6 Shields


You had 2 spell levels left.
You didn't know any spells.

Dungeon Overview and Level Annotations

Branches:
Dungeon (2/15)

Altars:
Ashenzari


Innate Abilities, Weirdness & Mutations

You have extremely sharp teeth.
Your natural rate of healing is unusually fast.
When hurt, damage is shared between your health and your magic reserves.
Your bite disrupts and absorbs the magic of your enemies.
Potions and wands cannot restore your health.
You are immune to rotting.


Message History

The bat hits you. The gnoll hits you but does no damage.
The gnoll closely misses you.
You hit the gnoll but do no damage. Your bite misses the gnoll.
The gnoll is moderately wounded.
The bat hits you but does no damage. The gnoll hits you with a spear.
The gnoll hits you from afar with a spear.
You hit the gnoll. You bite the gnoll. You drain its power.
You feel invigorated.
The gnoll is severely wounded.
The bat barely misses you. The gnoll hits you with a spear.
The bat closely misses you. The gnoll barely misses you.
You hit the gnoll. Your bite misses the gnoll.
The gnoll is severely wounded.
The bat closely misses you. The gnoll hits you with a spear!
* * * LOW HITPOINT WARNING * * *
You barely miss the gnoll. You bite the gnoll. You drain its power.
You feel invigorated.
The gnoll is almost dead.
The gnoll hits you but does no damage. The gnoll hits you with a spear.
You die...

.....g........###...##
.........###.##.....#.
#g.# #.##.#..##. ## #)g#
#.##.#..... #..
#.g###.##.#.###. ....
#...........# #. #....
#.........### #.
#.....#####..##.########.
#.....bK@gg..............
...#+#.####...#.##.....##
#. ......#.##.###... #.
.###..#.##.###### #.
#..#............ #.
#.##...###.##### ##
#...............
#..#.......#####
#.....>#........


You could see 2 gnolls, a bat and a kobold.

Vanquished Creatures
  A gnoll (D:2)
  A giant cockroach (D:1)
  3 goblins (D:1)
  A hobgoblin (D:1)
  8 jackals (D:1)
  3 kobolds (D:1)
  5 bats (D:1)
  3 giant newts
  5 rats (D:1)
30 creatures vanquished.

Notes
Turn   | Place    | Note
--------------------------------------------------------------
     0 | D:1      | Freud the Vine Stalker Fighter began the quest for the Orb.
     0 | D:1      | Reached XP level 1. HP: 11/11 MP: 2/2
   100 | D:1      | Reached XP level 2. HP: 14/16 MP: 3/3
   145 | D:1      | Found a shattered altar of Ashenzari.
   349 | D:1      | Reached skill level 3 in Short Blades
   370 | D:1      | Reached XP level 3. HP: 19/19 MP: 4/4
   743 | D:2      | Slain by a gnoll

Action                   || total
-------------------------++-------
Melee: Rapier            ||    90
